[Event "ICC 25 10 u"]
[Site "Internet Chess Club"]
[Date "2008.09.07"]
[Round "9"]
[White "MrShaw"]
[Black "wright"]
[Result "0-1"]
[ECO "C01"]
[WhiteElo "1942"]
[BlackElo "2051"]
[PlyCount "30"]
[EventDate "2008.??.??"]
[TimeControl "1500+10"]

1. e4 e6 2. d4 d5 3. exd5 exd5 4. c4 Nf6 5. Nf3 Be7 6. Bd3 O-O 7. Nc3 c6 8. cxd5 Nxd5 9. O-O Bg4 10. h3 Bh5 11. Re1 Nf6 12. a3 Nbd7 13. g4 Bg6 14. Bxg6 hxg6 15. Qb3 Nb6 {White forfeits on time} 0-1

[Event "ICC 25 10 u"]
[Site "Internet Chess Club"]
[Date "2008.09.08"]
[Round "10"]
[White "pseudonym"]
[Black "danechka"]
[Result "1/2-1/2"]
[ECO "C77"]
[WhiteElo "1735"]
[BlackElo "1625"]
[PlyCount "103"]
[EventDate "2008.??.??"]
[TimeControl "1500+10"]

1. e4 e5 2. Nf3 Nc6 3. Bb5 a6 4. Ba4 Nf6 5. Qe2 b5 6. Bb3 Bc5 7. d3 O-O 8. Bg5 h6 9. Be3 Bxe3 10. Qxe3 d6 11. Nc3 Bg4 12. O-O Bxf3 13. Qxf3 Nd4 14. Qd1 a5 15. a3 Nxb3 16. cxb3 b4 17. Ne2 c5 18. Ng3 Qd7 19. Nf5 Rfe8 20. Re1 d5 21. Re3 Rad8 22. Qe2 dxe4 23. dxe4 Qd2 24. Rb1 Qxe2 25. Rxe2 Rd3 26. Re3 Rxe3 27. Nxe3 Nxe4 28. Nc4 Ra8 29. Re1 Nf6 30. Rxe5 Rd8 31. Re1 Ra8 32. Re5 Rd8 33. h3 Rd1+ 34. Kh2 Nd7 35. Re8+ Kh7 36. Rd8 Rd5 37. Nxa5 Nb6 38. Rxd5 Nxd5 39. a4 Nc7 40. Nb7 Na6 41. a5 Kg6 42. Kg3 Kf5 43. Nd6+ Ke6 44. Nc4 Kf5 45. Kf3 g5 46. g4+ Ke6 47. Ke4 f6 48. Ne3 Nc7 49. Nf5 Ne8 50. Nxh6 Nd6+ 51. Kd3 Kd5 52. f3 1/2-1/2

[Event "ICC 25 10 u"]
[Site "Internet Chess Club"]
[Date "2008.09.11"]
[Round "10"]
[White "wright"]
[Black "LENI"]
[Result "1/2-1/2"]
[ECO "D13"]
[WhiteElo "2000"]
[BlackElo "2095"]
[PlyCount "55"]
[EventDate "2008.??.??"]
[TimeControl "1500+10"]

1. d4 d5 2. c4 c6 3. cxd5 cxd5 4. Nc3 Nf6 5. Nf3 Nc6 6. Bg5 e6 7. e3 Be7 8. Bd3 O-O 9. O-O a6 10. a3 Bd7 11. Rc1 Rc8 12. Qe2 h6 13. Bh4 Na5 14. Ne5 b5 15. Rfd1 Nc4 16. Bxf6 Bxf6 17. Ng4 Be7 18. Bb1 f5 19. Ne5 Nxe5 20. dxe5 Qb6 21. Qd3 Qb8 22. Nxd5 exd5 23. Qxd5+ Kh8 24. Qxd7 Rxc1 25. Rxc1 Qxe5 26. Qd4 Bf6 27. Qxe5 Bxe5 28. b3 1/2-1/2

[Event "ICC 25 10 u"]
[Site "Internet Chess Club"]
[Date "2008.09.12"]
[Round "10"]
[White "IvanuvIvanchuk"]
[Black "patternmaster"]
[Result "0-1"]
[ECO "B02"]
[WhiteElo "1826"]
[BlackElo "2001"]
[PlyCount "66"]
[EventDate "2008.??.??"]
[TimeControl "1500+10"]

1. e4 Nf6 2. e5 Nd5 3. c4 Nb6 4. d4 d6 5. exd6 exd6 6. Nc3 Bf5 7. Nf3 Be7 8. Bd3 Bxd3 9. Qxd3 O-O 10. O-O Nc6 11. Be3 d5 12. b3 Bf6 13. Rad1 dxc4 14. bxc4 Na5 15. Nd2 Bg5 16. f4 Bf6 17. Nce4 Nc6 18. Nxf6+ Qxf6 19. Ne4 Qe7 20. Ng5 f5 21. Bc1 Qf6 22. d5 Nd8 23. Rfe1 h6 24. Ne6 Nxe6 25. Rxe6 Qf7 26. Bb2 Rae8 27. Rde1 Rxe6 28. dxe6 Qg6 29. Re3 Re8 30. Rg3 Qxe6 31. Rxg7+ Kf8 32. Qa3+ Qd6 33. Qg3 Qd1+ 0-1

[Event "ICC 25 10 u"]
[Site "Internet Chess Club"]
[Date "2008.09.13"]
[Round "10"]
[White "JoshWinner"]
[Black "HeavenlyFractal"]
[Result "0-1"]
[ECO "B08"]
[WhiteElo "1193"]
[BlackElo "1739"]
[PlyCount "44"]
[EventDate "2008.??.??"]
[TimeControl "1500+10"]

1. e4 d6 2. d4 Nf6 3. Nc3 g6 4. Nf3 Bg7 5. Bc4 c6 6. d5 c5 7. O-O Nbd7 8. Bg5 O-O 9. Nd2 a6 10. a4 b6 11. f4 Qc7 12. Qf3 Bb7 13. Qh3 Rae8 14. Be2 e6 15. dxe6 Rxe6 16. Bc4 Ree8 17. Rae1 Bc6 18. Bxa6 Nb8 19. Bb5 Re7 20. Qh4 Nbd7 21. Bxc6 Qxc6 22. e5 Rfe8 0-1

[Event "ICC 25 10 u"]
[Site "Internet Chess Club"]
[Date "2008.09.14"]
[Round "10"]
[White "diams"]
[Black "okun"]
[Result "1-0"]
[ECO "B07"]
[WhiteElo "1200"]
[BlackElo "1577"]
[PlyCount "97"]
[EventDate "2008.??.??"]
[TimeControl "1500+10"]

1. e4 d6 2. d4 Nf6 3. Nc3 g6 4. f3 Bg7 5. Be3 Nbd7 6. Qd2 c5 7. d5 a6 8. a4 Ne5 9. h3 Qb6 10. Rb1 Qa5 11. f4 Ned7 12. Nf3 O-O 13. Bd3 Nb6 14. O-O Bd7 15. b3 Nh5 16. Ne2 Qxd2 17. Bxd2 e6 18. g4 Nf6 19. a5 Nc8 20. c4 exd5 21. cxd5 Re8 22. Ng3 Bb5 23. Bxb5 axb5 24. Rfe1 b6 25. g5 Nd7 26. b4 c4 27. e5 dxe5 28. fxe5 Nxe5 29. Nxe5 Rxe5 30. Rxe5 Bxe5 31. Ne4 Nd6 32. Nxd6 Bxd6 33. axb6 Ra2 34. Be3 Ra3 35. Bc5 Bxc5+ 36. bxc5 Ra8 37. Rxb5 c3 38. b7 Rb8 39. c6 c2 40. Rc5 c1=Q+ 41. Rxc1 Kf8 42. c7 Rxb7 43. c8=Q+ Kg7 44. Qxb7 h5 45. Rc7 h4 46. Rxf7+ Kg8 47. Rg7+ Kh8 48. Rh7+ Kg8 49. Qg7# 1-0

[Event "ICC 25 10 u"]
[Site "Internet Chess Club"]
[Date "2008.09.13"]
[Round "11"]
[White "patternmaster"]
[Black "wright"]
[Result "1/2-1/2"]
[ECO "A46"]
[WhiteElo "2001"]
[BlackElo "2000"]
[PlyCount "101"]
[EventDate "2008.??.??"]
[TimeControl "1500+10"]

1. d4 Nf6 2. Nf3 e6 3. Bf4 d5 4. e3 c5 5. Nbd2 Nc6 6. c3 Qb6 7. Rb1 Bd7 8. Bd3 cxd4 9. exd4 Ne7 10. Qe2 Ng6 11. Bg3 Bd6 12. Ne5 O-O 13. O-O Qc7 14. f4 a6 15. f5 exf5 16. Bxf5 Bxf5 17. Rxf5 Rfe8 18. Re1 Re7 19. Qd3 Rae8 20. Ndf3 Bxe5 21. Nxe5 Ng4 22. Nf3 Rxe1+ 23. Nxe1 Rxe1+ 24. Bxe1 Qxh2+ 25. Kf1 Qh1+ 26. Ke2 Qxg2+ 27. Bf2 Nxf2 28. Qf3 Qxf3+ 29. Rxf3 Ne4 30. Kd3 b5 31. b3 Ne7 32. c4 bxc4+ 33. bxc4 Ng5 34. Re3 dxc4+ 35. Kxc4 Kf8 36. d5 Nf5 37. Re5 g6 38. Kc5 Nf3 39. Re2 h5 40. d6 Nxd6 41. Kxd6 g5 42. Kd5 Kg7 43. Ke4 Nh4 44. Rf2 Kg6 45. a4 f5+ 46. Ke5 f4 47. Rb2 Nf3+ 48. Ke4 Nh4 49. Rb6+ Kf7 50. Rxa6 f3 51. Ra7+ 1/2-1/2

[Event "ICC 25 10 u"]
[Site "Internet Chess Club"]
[Date "2008.09.14"]
[Round "11"]
[White "LENI"]
[Black "daisuke"]
[Result "0-1"]
[ECO "A07"]
[WhiteElo "2095"]
[BlackElo "2202"]
[PlyCount "164"]
[EventDate "2008.??.??"]
[TimeControl "1500+10"]

1. Nf3 d5 2. g3 Bg4 3. Bg2 Nd7 4. d3 Ngf6 5. Nbd2 e5 6. e4 dxe4 7. dxe4 Bc5 8. O-O O-O 9. Qe1 Re8 10. Nc4 c6 11. h3 Bh5 12. Bg5 Qc7 13. Rd1 h6 14. Bd2 Bxf3 15. Bxf3 Nf8 16. Bb4 Bxb4 17. Qxb4 Rad8 18. Ne3 Ne6 19. c3 g6 20. Ng4 Nxg4 21. Bxg4 Ng5 22. h4 Nh7 23. Kg2 Nf6 24. Bf3 Kg7 25. Rxd8 Rxd8 26. Rd1 Rxd1 27. Bxd1 a5 28. Qa4 b5 29. Qc2 c5 30. a4 Qb7 31. axb5 Qxb5 32. Be2 Qc6 33. f3 Ne8 34. Qd3 Nf6 35. Qc4 Qd6 36. Qd3 Qb8 37. Qb5 Qc7 38. Qc4 Qd7 39. Qxc5 Qd2 40. Kf2 a4 41. Qa3 g5 42. hxg5 hxg5 43. Qxa4 g4 44. Qb4 Qh6 45. fxg4 Qh2+ 46. Ke3 Qxg3+ 47. Kd2 Qf4+ 48. Kd1 Nxe4 49. c4 Qe3 50. c5 Nf2+ 51. Kc2 Qxe2+ 52. Qd2 Qc4+ 53. Qc3 Qe4+ 54. Kb3 Qb7+ 55. Ka3 Qa6+ 56. Kb3 Qb5+ 57. Ka2 Qa4+ 58. Kb1 Qe4+ 59. Ka2 Nd3 60. b3 Nb4+ 61. Ka3 Nc2+ 62. Kb2 Nd4 63. b4 Qe2+ 64. Kb1 Qb5 65. Kb2 Nc6 66. Ka3 Nd4 67. Kb2 Qa4 68. g5 Qb5 69. Qe1 Nc6 70. Ka3 Qa6+ 71. Kb3 Qd3+ 72. Ka4 Qa6+ 73. Kb3 Nd4+ 74. Kb2 Nc6 75. Kb3 Qd3+ 76. Qc3 Nd4+ 77. Kb2 Qe2+ 78. Kb1 Qd1+ 79. Kb2 Qa4 80. Kb1 Nc6 81. Kc1 Qxb4 82. Qxb4 Nxb4 0-1

[Event "ICC 25 10 u"]
[Site "Internet Chess Club"]
[Date "2008.09.14"]
[Round "11"]
[White "HeavenlyFractal"]
[Black "IvanuvIvanchuk"]
[Result "0-1"]
[ECO "A48"]
[WhiteElo "1742"]
[BlackElo "1826"]
[PlyCount "98"]
[EventDate "2008.??.??"]
[TimeControl "1500+10"]

1. Nf3 Nf6 2. d4 g6 3. e3 Bg7 4. Be2 d6 5. c4 O-O 6. O-O Nbd7 7. d5 c6 8. Nc3 Nb6 9. e4 Qc7 10. h3 e6 11. Be3 cxd5 12. cxd5 exd5 13. exd5 Bd7 14. Rc1 Nc4 15. Bxc4 Qxc4 16. Qd2 Rfe8 17. Rfd1 Ne4 18. Nxe4 Qxe4 19. Ng5 Qe7 20. Nf3 a6 21. b3 Rac8 22. Rxc8 Bxc8 23. Bf4 Qf6 24. Bg5 Qc3 25. Qxc3 Bxc3 26. Bd2 Bg7 27. Bf4 b5 28. Bxd6 Re2 29. Bc7 Rxa2 30. d6 Ra1 31. Rxa1 Bxa1 32. Kf1 Kf8 33. b4 Ke8 34. Ke2 Bc3 35. Ba5 f6 36. Kd3 Ba1 37. Nd4 Kd7 38. Bc7 Bb7 39. f3 Bd5 40. g3 Ba2 41. f4 Bb1+ 42. Nc2 Bb2 43. Kd2 h5 44. g4 f5 45. g5 Bxc2 46. Kxc2 Bg7 47. Kd3 Bf8 48. Kd4 Bg7+ 49. Kd3 Bb2 {White forfeits on time} 0-1

[Event "ICC 25 10 u"]
[Site "Internet Chess Club"]
[Date "2008.09.14"]
[Round "11"]
[White "okun"]
[Black "pseudonym"]
[Result "1/2-1/2"]
[ECO "A08"]
[WhiteElo "1577"]
[BlackElo "1735"]
[PlyCount "75"]
[EventDate "2008.??.??"]
[TimeControl "1500+10"]

1. Nf3 d5 2. g3 c5 3. Bg2 Nc6 4. O-O Nf6 5. d3 e5 6. c4 Be6 7. cxd5 Bxd5 8. Nc3 Be7 9. Nxd5 Nxd5 10. Qc2 O-O 11. b3 Rc8 12. Bb2 Nd4 13. Qd2 f6 14. e3 Nxf3+ 15. Bxf3 Qd7 16. d4 cxd4 17. exd4 Nb6 18. Rfd1 Rfd8 19. Qe2 Qf5 20. Be4 Qh3 21. dxe5 Rxd1+ 22. Rxd1 Nd7 23. exf6 Nxf6 24. Bg2 Qg4 25. Qxg4 Nxg4 26. Bh3 Rc2 27. Bxg4 Rxb2 28. Rd7 Kf8 29. Rxb7 Rxa2 30. Be6 g6 31. Rb8+ Kg7 32. Rg8+ Kf6 33. Bc4 Bc5 34. Kg2 Rxf2+ 35. Kh3 Rc2 36. Re8 Rc3 37. Re6+ Kf5 38. Rc6 1/2-1/2

[Event "ICC 25 10 u"]
[Site "Internet Chess Club"]
[Date "2008.09.14"]
[Round "11"]
[White "danechka"]
[Black "JoshWinner"]
[Result "1-0"]
[ECO "A50"]
[WhiteElo "1607"]
[BlackElo "1193"]
[PlyCount "48"]
[EventDate "2008.??.??"]
[TimeControl "1500+10"]

1. d4 Nf6 2. c4 d5 3. cxd5 Bf5 4. f3 Bxb1 5. Rxb1 Qxd5 6. Bf4 e6 7. Qa4+ Nc6 8. Be5 Bb4+ 9. Kf2 Qc4 10. b3 Qc2 11. Ra1 Bc3 12. Qc4 Nxe5 13. dxe5 O-O-O 14. exf6 gxf6 15. h3 Rd4 16. Qc5 Be1+ 17. Kxe1 Qxc5 18. e3 Qc3+ 19. Kf2 Rd2+ 20. Kg3 Qxa1 21. Bc4 Rg8+ 22. Kh4 Qe1+ 23. Kh5 Rg5+ 24. Kh6 Qh4# 1-0